Map: [ESL] Data-C

Players

HeroMarine - Winner!

  • Race: Terran Terran
  • Spawn Location: 9:00

trigger

  • Race: Protoss Protoss
  • League: Grandmaster
  • Spawn Location: 3:00

Event: TSL 9

VOD

Have the link to the VOD?

Description

Time

  • Played on: Aug. 6, 2022, 7:53 a.m.
  • Length: 24:34
Show
View Real Time Build Order
Export as new Build Order

HeroMarine Terran - Winner!

Build Orders:  

Get SALT Encoding   

  12  0:00  SCV  
  13  0:12  SCV  
  14  0:17  Supply Depot  
  14  0:24  SCV  
  15  0:38  SCV  
  15  0:40  Barracks  
  16  0:44  Refinery  
  16  0:50  SCV  
  17  1:03  SCV  
  18  1:15  SCV  
  19  1:26  Marine  
  19  1:27  Orbital Command  
  20  1:40  Command Center  
  20  1:51  Factory  
  20  1:53  SCV  
  21  2:01  Refinery  
  21  2:06  SCV  
  21  2:07  Barracks Reactor  
  22  2:11  Supply Depot  
  22  2:18  SCV  
  23  2:33  SCV  
  23  2:37  Starport  
  24  2:45  SCV  
  24  2:46  Hellion x2  
  24  2:49  Marine  
  30  2:54  Orbital Command  
  30  2:57  SCV  
  31  3:07  Widow Mine x2  
  31  3:09  SCV  
  31  3:12  Orbital Command  
  36  3:16  Medivac  
  38  3:21  SCV  
  38  3:26  Supply Depot  
  39  3:29  Widow Mine x2  
  39  3:30  Barracks Tech Lab  
  39  3:33  SCV  
  44  3:41  Armory  
  44  3:42  SCV  
  43  3:51  Widow Mine x2  
  43  3:52  SCV  
  43  3:54  SCV  
  47  3:56  Supply Depot  
  47  4:02  Medivac  
  49  4:05  SCV  
  49  4:06  SCV  
  49  4:07  Marine  
  52  4:13  Widow Mine  
  54  4:18  SCV x2, Widow Mine  
  54  4:21  Supply Depot  
  58  4:25  Marine  
  58  4:30  SCV x2  
  57  4:35  Widow Mine  
  57  4:39  Widow Mine  
  57  4:42  SCV x2  
  57  4:43  Medivac  
  63  4:54  SCV x2  
  63  4:55  Command Center  
  63  4:56  Widow Mine  
  67  5:01  Widow Mine  
  67  5:04  Marine  
  67  5:06  Stimpack  
  70  5:07  Barracks  
  70  5:10  SCV x2  
  64  5:20  Starport Reactor  
  64  5:22  SCV x2, Marine  
  64  5:23  Barracks  
  65  5:31  Refinery x2  
  65  5:32  Supply Depot, Factory Tech Lab  
  65  5:34  SCV x2  
  65  5:40  Marine  
  66  5:43  Engineering Bay x2  
  66  5:46  SCV x2  
  68  5:53  Siege Tank  
  71  5:57  Supply Depot  
  71  5:58  SCV x2, Marine  
  74  6:07  Barracks, Starport Reactor  
  74  6:08  Barracks  
  74  6:10  Orbital Command  
  74  6:11  SCV x2  
  76  6:17  Marauder, Marine x3  
  76  6:18  Marine  
  82  6:21  Terran Infantry Weapons Level 1  
  82  6:24  Terran Infantry Armor Level 1  
  82  6:25  SCV x2  
  84  6:37  SCV x2, Orbital Command  
  84  6:38  Siege Tank  
  89  6:41  Missile Turret  
  89  6:43  Missile Turret  
  87  6:49  SCV x2, Combat Shield  
  87  6:50  Marauder  
  87  6:51  Missile Turret  
  87  6:52  Missile Turret  
  91  6:56  Barracks Tech Lab x2  
  91  7:00  Supply Depot  
  91  7:01  SCV  
  91  7:02  SCV  
  91  7:03  Marine x4  
  93  7:11  Starport  
  93  7:12  SCV  
  93  7:13  SCV  
  93  7:14  SCV  
  92  7:19  Refinery  
  92  7:21  Refinery, Factory Reactor  
  92  7:22  Bunker  
  92  7:23  Supply Depot  
  92  7:24  SCV  
  92  7:25  SCV  
  92  7:26  SCV  
  92  7:29  Supply Depot  
  95  7:30  Marauder x2  
  95  7:31  Marauder  
  95  7:33  Medivac x2  
  105  7:37  SCV x2  
  105  7:38  Armory  
  105  7:40  SCV  
  108  7:46  Marine  
  108  7:47  Marine x3  
  108  7:49  SCV  
  108  7:50  Supply Depot, SCV  
  112  7:56  Marauder x2  
  112  7:57  Marauder  
  119  8:03  Medivac x2  
  122  8:07  Medivac  
  122  8:08  Command Center  
  122  8:12  Medivac  
  125  8:14  Supply Depot  
  125  8:15  Supply Depot  
  125  8:17  Marauder x2  
  125  8:18  Concussive Shells  
  125  8:19  Terran Infantry Weapons Level 2, Marauder  
  131  8:26  SCV x3  
  133  8:29  Marine  
  133  8:30  Marine  
  133  8:35  Viking x2, Marine x2  
  133  8:37  Supply Depot  
  133  8:38  Supply Depot  
  133  8:40  Viking  
  141  8:42  Viking  
  141  8:47  Terran Infantry Armor Level 2  
  143  8:53  Marauder x3, Marine  
  149  8:58  Marine x3  
  152  9:03  Supply Depot  
  152  9:04  Supply Depot, Terran Ship Weapons Level 1  
  152  9:10  Viking x2  
  152  9:13  Marine  
  152  9:15  Viking  
  152  9:16  Marine x3  
  79  9:17  Viking, Missile Turret  
  164  9:25  Marauder x3  
  164  9:26  Supply Depot  
  164  9:29  SCV x3  
  173  9:41  SCV x3, Viking x2  
  180  9:46  Marauder x3  
  180  9:48  Marine x3  
  180  9:49  Marine  
  189  9:55  SCV x3, Planetary Fortress  
  190  10:04  Ghost Academy  
  190  10:06  Marine x3  
  193  10:07  Marine  
  193  10:09  Medivac x2  
  193  10:10  Marauder  
  200  10:23  Refinery x2, Barracks  
  200  10:24  Barracks  
  200  10:25  Barracks  
  200  10:36  Starport  
  200  10:39  Marauder x2  
  200  10:40  Marauder  
  200  10:41  Marine x2  
  183  10:43  Marine  
  183  10:44  Marine  
  183  10:47  Viking x2  
  183  10:49  Viking x2  
  175  10:58  Command Center  
  175  10:59  Marine x2  
  175  11:00  Marauder  
  175  11:01  Marauder, Enhanced Shockwaves  
  181  11:09  Terran Infantry Weapons Level 3  
  181  11:10  Terran Infantry Armor Level 3  
  167  11:15  Marauder  
  167  11:16  Barracks Reactor, Barracks Tech Lab  
  158  11:22  Barracks Tech Lab, Marauder, Marine x3  
  158  11:25  Marine  
  163  11:29  Marauder  
  163  11:30  Starport Reactor  
  165  11:35  Viking x3, Command Center  
  165  11:37  Marauder  
  165  11:39  Viking  
  175  11:40  Marine x5  
  175  11:43  Marine x2  
  180  11:50  Marine  
  167  12:00  Command Center  
  167  12:05  Command Center, Ghost x2  
  177  12:11  Ghost x3  
  177  12:13  Marine  
  177  12:14  Marine x3  
  181  12:15  Marine x2  
  181  12:21  Medivac  
  185  12:27  Medivac x2  
  185  12:29  SCV x2  
  191  12:33  Ghost  
  193  12:41  Ghost  
  193  12:43  Ghost  
  195  12:45  Marine x2  
  195  12:46  Orbital Command  
  195  12:47  Medivac  
  195  12:48  Orbital Command  
  195  12:49  Refinery  
  199  12:52  Refinery  
  196  13:10  Medivac x3  
  200  13:14  Command Center, Terran Ship Weapons Level 2  
  200  13:15  Command Center, Orbital Command  
  200  13:16  Orbital Command  
  196  13:26  Ghost  
  196  13:27  Ghost  
  165  13:28  Viking x2  
  165  13:30  Marine x2, Ghost  
  165  13:32  Marine x3  
  176  13:36  Viking  
  178  13:43  Starport  
  178  13:44  Viking x2  
  182  13:52  Viking  
  168  13:55  Ghost  
  168  13:57  Ghost  
  168  13:58  Viking, Marine  
  168  13:59  Marine x6  
  168  14:02  Marine x2  
  182  14:06  Viking x2  
  186  14:11  Sensor Tower  
  186  14:12  Missile Turret  
  186  14:14  Viking  
  186  14:16  Viking, Marine x2  
  192  14:19  Starport Reactor  
  192  14:22  Viking  
  194  14:29  Viking, Orbital Command  
  194  14:31  Orbital Command x2  
  196  14:33  Refinery  
  196  14:35  Viking  
  196  14:36  Viking  
  196  14:38  Refinery  
  193  14:44  Viking  
  195  14:46  Viking  
  195  14:49  Command Center  
  195  14:52  Viking  
  199  14:55  Command Center  
  199  15:12  Fusion Core  
  199  15:13  Starport x2  
  195  15:15  Starport  
  195  15:17  Viking x4, Starport  
  199  15:24  Missile Turret  
  199  15:25  Missile Turret  
  199  15:30  Terran Vehicle And Ship Armor Level 1, Command Center  
  195  15:39  Ghost  
  195  15:40  Ghost  
  184  15:42  Ghost  
  184  15:43  Ghost x2  
  184  15:44  Marine x3  
  184  15:45  Viking x2  
  184  15:49  Viking x2  
  192  16:10  Viking x2  
  171  16:12  Viking x2  
  171  16:15  Viking x4, Ghost  
  177  16:19  Viking  
  177  16:20  Ghost  
  177  16:24  Viking  
  176  16:28  Orbital Command  
  176  16:40  Viking x2  
  176  16:42  Viking x2  
  176  16:44  Ghost  
  176  16:46  Viking, Marauder x2  
  176  16:47  Viking  
  193  16:50  Fusion Core, Viking  
  195  16:57  Viking  
  195  16:58  Starport Tech Lab x3  
  195  16:59  Starport Tech Lab  
  197  17:05  Orbital Command  
  197  17:06  Refinery  
  197  17:09  Refinery, Missile Turret  
  177  17:19  Marine x9  
  197  17:23  Marine  
  195  17:30  Viking x4  
  195  17:31  Viking x4  
  195  17:35  Planetary Fortress  
  199  17:39  Terran Ship Weapons Level 3  
  199  17:52  Command Center  
  199  17:54  Weapon Refit  
  199  17:56  Missile Turret  
  194  18:17  Battlecruiser x2  
  197  18:21  Battlecruiser  
  197  18:25  Battlecruiser  
  198  18:27  Ghost  
  194  18:38  Ghost  
  147  18:42  Viking x4  
  147  18:43  Viking x2  
  147  18:44  Viking  
  149  18:49  Marauder x2  
  149  18:51  Marine  
  149  18:53  Marine x2  
  150  19:04  Refinery  
  150  19:20  Hi-Sec Auto Tracking, Neosteel Armor  
  150  19:23  Battlecruiser x2  
  162  19:31  Battlecruiser  
  168  19:34  Orbital Command  
  168  19:42  Battlecruiser  
  168  19:45  Refinery  
  174  19:47  Refinery  
  174  19:48  Personal Cloaking  
  174  20:05  Command Center  
  173  20:08  Ghost x3  
  173  20:09  Command Center  
  173  20:11  Ghost  
  177  20:28  Battlecruiser x2  
  188  20:34  SCV x3  
  188  20:35  SCV  
  185  20:44  Battlecruiser  
  185  20:45  Ghost  
  185  20:48  Ghost  
  195  20:56  Command Center  
  195  21:11  Terran Vehicle And Ship Armor Level 2  
  195  21:13  Ghost Academy  
  195  21:14  Ghost Academy, Nuke  
  195  21:17  Orbital Command  
  194  21:32  Battlecruiser  
  199  21:35  Starport  
  199  21:37  Starport  
  193  22:09  Nuke  
  193  22:10  Nuke x2  
  193  22:16  Ghost x3  
  199  22:43  Command Center, Missile Turret, Sensor Tower  
  198  22:44  Missile Turret  
  194  23:11  Nuke  
  194  23:12  Nuke x2  
  192  23:13  Raven  
  192  23:14  Raven x3  
  190  23:31  Orbital Command  
  188  23:41  Orbital Command  
  188  23:48  Starport Tech Lab  
  188  23:49  Starport Tech Lab  
Show
View Real Time Build Order
Export as new Build Order

trigger Protoss 

Build Orders: 1 Gate Expand, Phoenix Opening, Carriers, Colossus Rush 

Get SALT Encoding   

  12  0:00  Probe  
  13  0:12  Probe  
  14  0:17  Pylon  
  14  0:24  Probe  
  15  0:28  Assimilator  
  15  0:36  Probe (Chrono Boost)  
  16  0:43  Gateway  
  16  0:47  Probe (Chrono Boost)  
  17  0:53  Probe  
  18  1:05  Probe  
  19  1:17  Probe  
  20  1:23  Nexus  
  20  1:32  Cybernetics Core  
  20  1:38  Assimilator  
  20  1:40  Probe  
  21  1:48  Pylon  
  21  1:53  Probe (Chrono Boost)  
  22  2:05  Probe (Chrono Boost)  
  22  2:06  Adept (Chrono Boost)  
  23  2:10  Probe (Chrono Boost)  
  23  2:14  Stargate  
  26  2:19  Probe  
  26  2:20  Warp Gate  
  27  2:28  Adept  
  29  2:33  Probe (Chrono Boost)  
  29  2:35  Probe (Chrono Boost)  
  32  2:46  Probe (Chrono Boost)  
  32  2:48  Probe (Chrono Boost)  
  33  2:51  Probe (Chrono Boost)  
  33  2:55  Probe  
  33  2:57  Phoenix (Chrono Boost)  
  37  3:01  Probe  
  38  3:07  Probe  
  39  3:13  Probe  
  39  3:17  Adept  
  39  3:19  Phoenix (Chrono Boost), Probe  
  41  3:20  Pylon  
  41  3:25  Probe  
  44  3:32  Probe  
  45  3:38  Phoenix (Chrono Boost), Probe  
  48  3:44  Probe  
  49  3:50  Probe  
  49  3:54  Assimilator  
  50  3:56  Probe  
  50  3:58  Assimilator  
  50  3:59  Phoenix (Chrono Boost)  
  50  4:02  Robotics Facility, Probe  
  54  4:06  Pylon  
  54  4:14  Pylon  
  54  4:24  Phoenix, Probe x2  
  56  4:37  Probe x2  
  56  4:49  Nexus, Observer (Chrono Boost), Probe x2, Phoenix  
  61  5:01  Probe x2  
  61  5:02  Robotics Bay  
  61  5:04  Observer  
  63  5:13  Probe x2  
  65  5:25  Probe x2  
  65  5:37  Probe x2  
  67  5:43  Gateway  
  67  5:44  Pylon  
  67  5:45  Gateway  
  67  5:47  Pylon  
  67  5:49  Probe x2  
  69  5:57  Colossus (Chrono Boost)  
  69  6:01  Phoenix  
  77  6:04  Extended Thermal Lance  
  77  6:06  Probe  
  77  6:08  Probe  
  77  6:09  Probe  
  80  6:14  Forge  
  80  6:16  Sentry  
  82  6:19  Probe  
  82  6:20  Probe  
  82  6:21  Probe  
  82  6:23  Observer  
  85  6:29  Phoenix  
  85  6:31  Probe (Chrono Boost)  
  88  6:33  Probe (Chrono Boost)  
  88  6:35  Probe (Chrono Boost)  
  73  6:43  Probe (Chrono Boost)  
  73  6:46  Probe (Chrono Boost)  
  76  6:47  Observer (Chrono Boost)  
  76  6:48  Probe (Chrono Boost)  
  76  6:51  Observer, Probe (Chrono Boost)  
  76  6:52  Probe (Chrono Boost)  
  76  6:53  Probe (Chrono Boost)  
  80  6:57  Probe  
  80  7:00  Probe  
  82  7:01  Probe, Assimilator  
  82  7:05  Assimilator  
  76  7:10  Shield Battery  
  76  7:12  Photon Cannon, Probe x2 (Chrono Boost)  
  79  7:19  Probe (Chrono Boost)  
  79  7:20  Fleet Beacon  
  81  7:23  Probe (Chrono Boost)  
  81  7:24  Stargate  
  81  7:25  Sentry, Probe (Chrono Boost)  
  81  7:29  Probe (Chrono Boost)  
  85  7:30  Probe (Chrono Boost)  
  85  7:33  Probe (Chrono Boost)  
  86  7:39  Colossus (Chrono Boost), Pylon  
  86  7:40  Probe (Chrono Boost)  
  86  7:41  Probe x2 (Chrono Boost)  
  95  7:48  Probe  
  95  7:50  Probe x2  
  98  8:00  Probe, Pylon  
  98  8:02  Probe  
  98  8:03  Pylon  
  100  8:08  Tempest (Chrono Boost), Photon Cannon  
  105  8:15  Probe x2  
  105  8:16  Probe  
  105  8:18  Tempest (Chrono Boost)  
  112  8:32  Disruptor  
  115  8:35  Stargate  
  115  8:47  Nexus  
  115  8:48  Protoss Air Weapons Level 1 (Chrono Boost)  
  115  8:49  Pylon  
  115  8:52  Probe x2  
  122  8:57  Zealot  
  122  9:01  Pylon  
  124  9:04  Carrier (Chrono Boost), Pylon  
  124  9:06  Pylon  
  124  9:08  Observer  
  130  9:10  Pylon  
  130  9:12  Carrier (Chrono Boost)  
  130  9:18  Shield Battery  
  130  9:20  Photon Cannon  
  136  9:24  Carrier (Chrono Boost)  
  136  9:30  Shield Battery  
  136  9:35  Shield Battery  
  136  9:37  Photon Cannon  
  136  9:38  Photon Cannon  
  136  9:40  Photon Cannon  
  136  9:42  Pylon  
  136  9:44  Pylon  
  136  9:53  Carrier (Chrono Boost)  
  142  10:03  Photon Cannon  
  142  10:04  Assimilator  
  148  10:11  Tempest (Chrono Boost)  
  148  10:13  Disruptor  
  155  10:18  Tempest (Chrono Boost)  
  155  10:23  Zealot x2  
  155  10:24  Zealot  
  148  10:46  Zealot x3  
  148  10:47  Tempest  
  148  10:48  Tempest  
  148  10:49  Disruptor  
  163  10:56  Tempest (Chrono Boost)  
  163  10:57  Shield Battery  
  168  10:58  Photon Cannon  
  168  11:09  Zealot  
  168  11:10  Zealot x2  
  135  11:27  Tempest (Chrono Boost)  
  135  11:28  Tempest (Chrono Boost)  
  145  11:33  Disruptor (Chrono Boost)  
  147  11:40  Nexus  
  147  11:45  Observer  
  145  11:50  Protoss Air Weapons Level 2 (Chrono Boost)  
  145  11:52  Zealot  
  145  11:53  Zealot x2  
  148  11:59  Observer  
  148  12:02  Carrier (Chrono Boost)  
  154  12:09  Nexus  
  154  12:10  Pylon  
  154  12:15  Carrier (Chrono Boost)  
  160  12:45  Pylon  
  160  12:50  Assimilator  
  166  12:54  Assimilator  
  166  12:55  Photon Cannon  
  166  12:56  Carrier (Chrono Boost)  
  165  13:00  Carrier (Chrono Boost)  
  165  13:01  Disruptor  
  168  13:29  Pylon  
  168  13:31  Pylon x2  
  164  13:34  Pylon  
  164  13:37  Nexus  
  164  13:43  Pylon  
  164  13:46  Carrier (Chrono Boost)  
  164  13:47  Colossus  
  172  14:00  Carrier (Chrono Boost)  
  172  14:02  Nexus  
  172  14:09  Shield Battery  
  178  14:12  Photon Cannon  
  178  14:21  Shield Battery, Pylon  
  184  14:28  Carrier (Chrono Boost)  
  184  14:42  Disruptor  
  184  14:43  Nexus  
  187  15:01  Protoss Air Weapons Level 3 (Chrono Boost)  
  193  15:10  Observer  
  193  15:11  Carrier (Chrono Boost)  
  193  15:23  Disruptor  
  192  15:48  Carrier x2 (Chrono Boost)  
  161  16:24  Carrier (Chrono Boost), Observer  
  161  16:41  Nexus  
  167  16:47  Carrier (Chrono Boost)  
  173  16:57  Carrier (Chrono Boost)  
  171  17:21  Carrier (Chrono Boost)  
  177  17:32  Stargate  
  183  17:44  Observer  
  183  17:47  Carrier (Chrono Boost)  
  184  17:55  Protoss Air Armor Level 1  
  184  17:56  Carrier (Chrono Boost)  
  190  18:09  Carrier (Chrono Boost)  
  196  18:16  Disruptor  
  199  18:33  Carrier (Chrono Boost)  
  141  18:55  Carrier (Chrono Boost)  
  128  19:00  Pylon  
  128  19:01  Assimilator  
  128  19:05  Carrier (Chrono Boost)  
  128  19:06  Assimilator  
  128  19:07  Carrier (Chrono Boost)  
  134  19:14  Assimilator  
  134  19:16  Photon Cannon  
  134  19:17  Photon Cannon  
  134  19:19  Photon Cannon  
  134  19:20  Shield Battery, Photon Cannon  
  134  19:21  Photon Cannon  
  134  19:22  Photon Cannon  
  134  19:24  Photon Cannon  
  134  19:25  Photon Cannon  
  134  19:26  Photon Cannon  
  134  19:28  Shield Battery  
  134  19:29  Shield Battery  
  134  19:30  Pylon  
  140  19:40  Carrier (Chrono Boost)  
  140  19:48  Zealot  
  142  20:03  Protoss Air Armor Level 2 (Chrono Boost)  
  142  20:10  Carrier (Chrono Boost)  
  148  20:17  Adept x3  
  154  20:37  Disruptor (Chrono Boost)  
  157  20:47  Photon Cannon  
  155  21:04  Nexus  
  155  21:07  Adept x3  
  166  21:26  Tempest (Chrono Boost)  
  166  21:27  Tempest (Chrono Boost)  
  166  21:29  Tempest (Chrono Boost)  
  174  21:33  Tempest (Chrono Boost)  
  173  21:42  Disruptor  
  173  21:46  Zealot x2  
  172  22:01  Tempest x2 (Chrono Boost)  
  172  22:05  Pylon  
  182  22:11  Observer  
  182  22:14  Nexus  
  182  22:16  Pylon  
  182  22:27  Disruptor (Chrono Boost)  
  180  22:30  Tempest  
  184  22:38  Photon Cannon  
  184  22:39  Photon Cannon  
  184  22:41  Photon Cannon  
  184  22:42  Shield Battery  
  184  22:43  Photon Cannon  
  184  22:50  Tempest  
  189  22:55  Observer (Chrono Boost)  
  183  23:17  Pylon x2  
  179  23:20  Oracle (Chrono Boost)  
  131  23:38  Assimilator  
  131  23:39  Tempest (Chrono Boost)  
  131  23:40  Assimilator  
  131  23:43  Shield Battery  
  131  23:45  Shield Battery  
  131  23:47  Photon Cannon  
  131  23:49  Photon Cannon  
  131  23:54  Photon Cannon  
  131  23:56  Probe x3  
  134  24:08  Probe  
Tags
 
Add a new tag
Caveats
  • Supply blocks, unpowered buildings, or Contaminate may cause inaccurate times.
  • Supply counts are checked every 10 seconds.